 Dungeon Crawl Stone Soup version 0.17-a0-2127-g1cb09f6 (webtiles) character file.

184 fredomojojo the Insei (level 5, -1/47 HPs)
             Began as a Draconian Monk on Oct 23, 2015.
             Was a Believer of Zin.
             Slain by Sigmund
             ... wielding a +1 scythe of freezing
              (3 damage)
             ... on level 3 of the Dungeon.
             The game lasted 00:31:41 (1833 turns).

fredomojojo the Insei (Draconian Monk)              Turns: 1833, Time: 00:31:43

Health: -1/47      AC: 10    Str: 14    XL:     5   Next: 36%
Magic:  4/5        EV: 13    Int: 12    God:    Zin [**....]
Gold:   60         SH:  0    Dex: 15    Spells: 0 memorised, 4 levels left

rFire  . . .     SeeInvis +       - Unarmed
rCold  . . .     Clarity  +     (armour unavailable)
rNeg   . . .     SustAt   .     (no shield)
rPois  ∞         Gourm    .     (helmet restricted)
rElec  .         Spirit   .     (no cloak)
rCorr  .         Warding  .     l - +1 pair of gloves
rMut   .         Stasis   .     (no boots)
MR     .....                    m - amulet of clarity
Stlth  ++........               y - ring of see invisible
                                t - +3 ring of protection

@: vitalised, short of breath, slowed, very slow, not resistant to hostile
enchantments, unstealthy
A: unfitting armour, cold-blooded, AC +5
a: Donate Gold, Recite, Vitalisation, Renounce Religion


You were on level 3 of the Dungeon.
You worshipped Zin.
Zin was pleased with you.
You were not hungry.

You visited 1 branch of the dungeon, and saw 3 of its levels.

You collected 107 gold pieces.
You donated 47 gold pieces to Zin.

Inventory:

Missiles
 d - 60 stones (quivered)
 A - 16 sling bullets
Armour
 f - a +0 pair of gloves
 l - a +1 pair of gloves (worn)
Jewellery
 m - an amulet of clarity (around neck)
 t - a +3 ring of protection (left hand)
 y - a ring of see invisible (right hand)
Wands
 x - a wand of cold (6)
Scrolls
 e - 2 scrolls of teleportation
 h - a scroll of identify
 j - a scroll of magic mapping
 o - a scroll of immolation
 p - a scroll of remove curse
 q - a scroll of fog
 s - a scroll of recharging {unknown}
Potions
 c - a potion of agility {unknown}
 g - a potion of heal wounds {unknown}
 i - 2 potions of invisibility
 k - a potion of might {unknown}
 r - a potion of flight {unknown}
 v - a potion of cure mutation
 w - a potion of resistance {unknown}
 z - a potion of poison {unknown}
Comestibles
 a - 6 bread rations
 b - a meat ration
 u - a royal jelly


   Skills:
 * Level 4.4 Fighting
 + Level 1.4 Throwing
 + Level 3.4 Dodging
 + Level 2.1 Stealth
 + Level 4.9 Unarmed Combat
 + Level 0.9 Invocations


You had 4 spell levels left.
You didn't know any spells.

Dungeon Overview and Level Annotations

Branches:
Dungeon (3/15)

Altars:
Yredelemnul
Zin

Annotations:
D:3 Sigmund


Innate Abilities, Weirdness & Mutations

Your plain brown scales are hard (AC +5).
Your body does not fit into most forms of armour.
You are cold-blooded and may be slowed by cold attacks.


Message History

Sigmund hits you with a scythe of freezing.
Sigmund freezes you.
You barely miss Sigmund.
Sigmund is heavily wounded.
The giant gecko barely misses you. The giant gecko closely misses you.
You hit Sigmund.
Sigmund is severely wounded.
Sigmund hits you with a scythe of freezing!
* * * LOW HITPOINT WARNING * * *
Sigmund freezes you.
* * * LOW HITPOINT WARNING * * *
You feel yourself slow down.
The giant gecko bites you but does no damage.
You hit Sigmund.
Sigmund is almost dead.
The giant gecko barely misses you.
Sigmund hits you with a scythe of freezing!
* * * LOW HITPOINT WARNING * * *
Sigmund freezes you.
You die...

####.#.....# ## #.#
.....###.### .. #+# ##
#.### .# # ###...# .# ##
## ##.###.## ##.##.##
.####...#...####......##
.+......................
.####........###l.#...#
## ##.#.....# #@.# # #
####...## #@....# #.###
#.##..# #.# #(# ..# #.#
#(# .# #### #.# ... .
...# #.# .## ## ##.# #.#
. #.######.#


You could see Sigmund and a giant gecko.

Vanquished Creatures
  An orc wizard (D:3)
  Jessica (D:3)
  2 orc priests (D:3)
  3 adders
  A gnoll (D:1)
  A giant gecko (D:1)
  6 orcs (D:3)
  5 hobgoblins
  2 jackals (D:3)
  A quokka (D:3)
  5 bats
  2 giant newts (D:2)
  4 goblins
  5 kobolds
  2 rats (D:2)
  A spectral orc (D:3)
42 creatures vanquished.

Notes
Turn   | Place    | Note
--------------------------------------------------------------
     0 | D:1      | fredomojojo the Draconian Monk began the quest for the Orb.
     0 | D:1      | Reached XP level 1. HP: 19/19 MP: 1/1
    64 | D:1      | Reached XP level 2. HP: 12/26 MP: 2/2
   347 | D:1      | Reached XP level 3. HP: 26/33 MP: 3/3
  1079 | D:3      | Found a glowing silver altar of Zin.
  1087 | D:3      | Became a worshipper of Zin the Law-Giver
  1087 | D:3      | Reached * piety under Zin
  1087 | D:3      | Reached ** piety under Zin
  1088 | D:3      | Donated 37 gold pieces to Zin
  1237 | D:3      | Reached XP level 4. HP: 26/40 MP: 4/4
  1248 | D:3      | Reached skill level 1 in Throwing
  1520 | D:3      | Reached XP level 5. HP: 44/47 MP: 5/5
  1643 | D:3      | Noticed Jessica
  1650 | D:3      | Killed Jessica
  1675 | D:3      | Found a basalt altar of Yredelemnul.
  1819 | D:3      | Noticed Sigmund
  1833 | D:3      | HP: 2/47 [Sigmund/scythe of freezing (9)]
  1833 | D:3      | Slain by Sigmund

Vault maps used:
D:1:      lightli_arrival_noodles
D:2:      first_bread
D:3:      zin_academy, yredelemnul_forgotten_temple_becter, uniq_sigmund,
          uniq_jessica

Action                   |  1- 3 |  4- 6 || total
-------------------------+-------+-------++-------
Melee: Unarmed           |    61 |    56 ||   117
Throw: Stone             |    17 |    11 ||    28
       Javelin           |    12 |     8 ||    20
Invok: Recite            |     1 |     2 ||     3
       Donate Gold       |     1 |       ||     1
       Vitalisation      |       |     1 ||     1
  Use: Scroll            |     4 |     3 ||     7
       Potion            |       |     2 ||     2
 Stab: Sleeping          |       |     1 ||     1
  Eat: Meat ration       |     1 |       ||     1
